 Dungeon Crawl Stone Soup version 0.24.0-13-gcf9b319 (webtiles) character file.

Game seed: 15415304112557770436, levelgen mode: deterministic

346296 Fang the Warrior (level 21, -61/144 HPs)
             Began as a Gargoyle Berserker on Dec 3, 2019.
             Was the Champion of Trog.
             Killed from afar by a lich (88 damage)
             ... with a crystal spear
             ... on level 5 of the Vaults.
             The game lasted 01:00:37 (46414 turns).

Fang the Warrior (Gargoyle Berserker)              Turns: 46414, Time: 01:00:37

Health: -61/144    AC: 51    Str: 31    XL:     21   Next: 71%
Magic:  0/7        EV: 13    Int:  8    God:    Trog [******]
Gold:   4524       SH: 21    Dex:  9    Spells: 20/20 levels left

rFire    + + .     SeeInvis +   a - +7 broad axe (antimagic)
rCold    + . .     Gourm    .   B - +0 large shield
rNeg     + . .     Faith    .   b - +9 plate armour
rPois    ∞         Spirit   +   n - +2 helmet
rElec    +         Reflect  .   N - scarf {rC+ rF+}
rCorr    +         Harm     .   R - +2 pair of gloves "Kamineism" {*Drain +Fly Slay+3}
MR       +++..                  (no boots)
Stlth    ..........             G - amulet of guardian spirit
HPRegen  1.34/turn              L - ring of see invisible
MPRegen  0.10/turn              J - ring "Harrynak" {+Blink rF+ rCorr Slay+2}

@: marked, berserk cooldown, flying, regenerating, slowed, very slow
A: big wings, negative energy resistance 1, electricity resistance, unbreathing,
petrification resistance, rot immunity, AC +16
}: 3/15 runes: serpentine, barnacled, silver
a: Stop Flying, Berserk, Trog's Hand, Brothers in Arms, Renounce Religion, Evoke
Blink


You were on level 5 of the Vaults.
You worshipped Trog.
Trog was exalted by your worship.
You were not hungry.

You visited 7 branches of the dungeon, and saw 37 of its levels.
You also visited: Ossuary and Gauntlet.

You collected 4654 gold pieces.
You spent 130 gold pieces at shops.

Inventory:

Hand Weapons
 a - a +7 antimagic broad axe (weapon)
 h - the +5 hand axe "Lynicit" {flame, rN+ MR+ Int+7}
   (You found it on level 1 of the Lair of Beasts)

   It has been specially enchanted to burn those struck by it, causing extra
   injury to most foes and up to half again as much damage against particularly
   susceptible opponents.
   Big, fiery blades are also staple armaments of hydra-hunters.
   It affects your intelligence (+7).
   It protects you from negative energy.
   It affects your resistance to hostile enchantments.
 o - a +5 antimagic broad axe
 K - the +8 mithril axe "Arga" {speed, MR+}
   (Trog gifted it to you on level 3 of the Snake Pit)

   Attacks with this weapon are significantly faster.
   It affects your resistance to hostile enchantments.
 U - a +1 broad axe of freezing
 V - a +2 war axe of flaming
Armour
 b - a +9 plate armour (worn)
 n - a +2 helmet (worn)
 u - a +2 cloak of invisibility
 B - a +0 large shield (worn)
 H - a scarf of spirit shield
 N - a scarf of resistance (worn)
 R - the +2 pair of gloves "Kamineism" (worn) {*Drain +Fly Slay+3}
   (You found it on level 15 of the Dungeon)

   It affects your accuracy and damage with ranged weapons and melee attacks
   (+3).
   It lets you fly.
   It causes draining when unequipped.
Jewellery
 e - the ring of Phasing {EV+8}
   (You found it on level 3 of the Lair of Beasts)

   [ring of evasion]

   It affects your evasion (+8).
 q - an uncursed ring of resist corrosion
 G - an amulet of guardian spirit (around neck)
 J - the ring "Harrynak" (right hand) {+Blink rF+ rCorr Slay+2}
   (You found it in a Gauntlet)

   [ring of resist corrosion]

   It affects your accuracy and damage with ranged weapons and melee attacks
   (+2).
   It protects you from fire.
   It lets you blink.
   It provides partial protection from all sources of acid and corrosion.
 L - a ring of see invisible (left hand)
 O - the ring of Ciofubiw {rF+ rC+ Dex+7}
   (You took it off a minotaur in a Gauntlet)

   [ring of protection from cold]

   It affects your dexterity (+7).
   It protects you from fire.
   It protects you from cold.
 W - an uncursed ring of protection from magic
 Y - an uncursed ring of protection from cold
 Z - the amulet of the Cricket {RegenMP rF- MR+ Dex+2 Stlth+}
   (You took it off an ironheart preserver on level 5 of the Vaults)

   [amulet of magic regeneration]

   It increases your magic regeneration.
   It affects your dexterity (+2).
   It makes you vulnerable to fire.
   It affects your resistance to hostile enchantments.
   It makes you more stealthy.
Wands
 s - a wand of disintegration (21)
 x - a wand of paralysis (16)
 y - a wand of iceblast (29)
 F - a wand of flame (150)
 I - a wand of digging (19)
 S - a wand of enslavement (6)
 T - a wand of polymorph (20)
Scrolls
 d - 26 scrolls of remove curse
 f - 4 scrolls of silence
 g - 2 scrolls of fog
 i - a scroll of magic mapping
 k - 8 scrolls of blinking
 m - 8 scrolls of teleportation
 w - a scroll of fear
 A - 12 scrolls of identify
 M - 3 scrolls of immolation
 Q - a scroll of summoning
Potions
 j - 11 potions of haste
 l - 4 potions of mutation
 p - 12 potions of curing
 r - 2 potions of resistance
 t - a potion of invisibility
 v - 4 potions of might
 z - 4 potions of heal wounds
 C - 4 potions of agility
 D - 3 potions of ambrosia
 E - 2 potions of cancellation
 P - 6 potions of berserk rage
Comestibles
 c - 50 rations


   Skills:
 + Level 19.2 Fighting
 + Level 16.6 Axes
 + Level 19.1 Armour
 + Level 15.3 Dodging
 + Level 13.7 Shields


You had 20 spell levels left.
You didn't know any spells.
Your spell library was empty.

Dungeon Overview and Level Annotations

Branches:
Dungeon (15/15)            Temple (1/1) D:4            Lair (6/6) D:11
 Shoals (4/4) Lair:3        Snake (4/4) Lair:4        Slime (0/5) Lair:5
    Orc (2/2) D:9             Elf (0/3) Orc:2        Vaults (5/5) D:14
  Crypt (0/3) Vaults:2     Depths (0/5) D:15        Ossuary (visited)
Gauntlet (visited)

Altars:
Ashenzari
Cheibriados
Dithmenos
Elyvilon
Fedhas
Gozag
Hepliaklqana
Kikubaaqudgha
Makhleb
Nemelex Xobeh
Okawaru
Qazlal
Ru
Sif Muna
Trog
Uskayaw
Vehumet
Wu Jian
Xom
Yredelemnul
Zin
The Shining One
Beogh
Jiyva

Shops:
D:4 :*[   Orc:2 (:??!}*[!   Vaults:2 %   Vaults:3 =(%=   Vaults:4 %

Annotations:
D:3 1 runed translucent door
D:12 1 runed translucent door
Vaults:3 2 runed translucent doors, SpeedRobin's ghost, adept DDFi


Innate Abilities, Weirdness & Mutations

You are resistant to torment.
Your stone body is resilient. (AC +16)
You are immune to poison.
Your large and strong wings let you fly indefinitely.
You resist negative energy. (rN+)
You are resistant to electric shocks. (rElec)
You can survive without breathing.
You are immune to petrification.
You are immune to rotting.


Message History

The vault warden hits you but does no damage.
You block the vault warden's attack.
The lich points at you and mumbles some strange words.
The crystal spear hits you!!
* * * LOW HITPOINT WARNING * * *
You feel much better.
The runic seals fade away.
You block the lich's attack.
An ironheart preserver comes into view. It is wielding a +0 morningstar.
A vault warden comes into view.
It is wielding a +3 dire flail of protection.
You block the vault warden's attack.
The vault warden unwields a +0 arbalest.
The vault warden wields a +0 long sword.
The vault warden misses you.
The vault warden activates a sealing rune.
The lich touches you but does no damage.
Your stone giant hits the vault warden but does no damage.
A deep elf knight comes into view. It is wielding a +0 long sword.
The lich gestures at you while chanting.
The crystal spear hits you!!!!
Ouch! That really hurt!
You die...

.###***********#########)(..#
...+***** #####+.)....#
.###,,,,*** ###....###)#..#
+#,,,,,,,,* #........#+#..#
*,,,,,,,.,** ##.......))##..#
*,,,,,,,..,* #.......))(#*..#
*,,,,,,,...*##e.)))((...#*..#
*,,,,,,,.pep#.ppC((.....#*,,*
**,,,,,,...ecpL†@).)...##*,,*
***,,,,..+###+[.(...### *,,*
****,,,#...#...#### *,,*
**+*#..☼##+## *,,*
****,,,#.,,#†..#*** *,,*
***,,,,,,+**#'.....,*** *,,*
**,,,,,,,,,,'.........,***,,*
*,,,,,,,,,,.#...........**,,*
*,,,,,,,,..*##..........**,,*


You could see an ironheart preserver, 4 vault wardens, a lich, a yaktaur
captain, a deep elf archer, a deep elf knight, a deep elf mage and a friendly
stone giant (berserk).

Vanquished Creatures
  A lich (Vaults:4)
  3 tentacled monstrosities (Vaults:5)
  A quicksilver dragon (Vaults:5)
  2 sphinxes
  Gastronok (Lair:2)
  4 storm dragons
  3 tengu reavers
  2 shadow dragons (Vaults:5)
  Kirke (D:13)
  9 nagarajas
  5 fire giants
  An orc warlord (Orc:1)
  3 frost giants
  10 vault wardens
  10 ironheart preservers
  A war gargoyle (Vaults:5)
  3 very ugly things (Vaults:5)
  11 stone giants
  An entropy weaver (Vaults:2)
  Nessos (D:15)
  A dire elephant (shapeshifter) (Vaults:2)
  Azrael (Snake:1)
  2 minotaurs
  A deep elf annihilator (Vaults:5)
  An ettin (Vaults:5)
  3 merfolk javelineers
  7 yaktaur captains
  6 merfolk impalers
  5 fire dragons
  An ice dragon (D:14)
  23 vault guards
  A deep elf high priest (Vaults:5)
  2 rakshasas
  4 great orbs of eyes
  Erolcha (D:9)
  8 hydras
  12 naga warriors
  5 centaur warriors
  3 merfolk avatars
  5 anacondas
  26 two-headed ogres
  An alligator snapping turtle (Shoals:4)
  A death knight (Vaults:3)
  A satyr (Shoals:1)
  14 ogre magi
  A merfolk aquamancer (Shoals:3)
  A tengu warrior (D:14)
  A dancing weapon (Vaults:5)
  A deep troll shaman (Vaults:2)
  4 death yaks (Lair:6)
  A deep troll earth mage (Vaults:2)
  14 naga sharpshooters
  Nergalle (Orc:2)
  3 shock serpents
  2 deep elf knights (Vaults:3)
  4 skeletal warriors (D:14)
  3 salamander mystics
  2 shadow wraiths
  A death drake (Gauntlet)
  9 sea snakes
  An unseen horror (D:13)
  A glowing orange brain (Vaults:3)
  A flayed ghost (Vaults:4)
  8 deep trolls (Vaults:2)
  4 naga ritualists
  14 ironbrand convokers
  A wolf spider zombie (D:14)
  A harpy (shapeshifter) (Vaults:1)
  10 deep elf magi
  A phantasmal warrior (Vaults:2)
  12 orc knights
  5 wizards
  10 orc sorcerers
  5 mana vipers
  A lindwurm (shapeshifter) (Vaults:3)
  2 deep elf archers
  25 harpies
  3 cyclopes
  18 ugly things
  5 necromancers
  14 fauns
  A human zombie (Vaults:1)
  A fire giant zombie (Vaults:4)
  An oklob plant (Lair:4)
  4 merfolk sirens
  10 salamanders
  5 wolf spiders
  13 manticores
  11 elephants
  3 spectral centaurs (Gauntlet)
  A stone giant skeleton (Vaults:1)
  26 black mambas
  12 vault sentinels
  23 naga magi
  Joseph (D:7)
  A torpor snail (Lair:5)
  4 centaur zombies
  3 guardian serpents
  4 water nymphs
  18 spiny frogs
  3 gargoyles
  2 rime drakes
  A rime drake (shapeshifter) (Vaults:1)
  A kobold demonologist (D:12)
  2 yaktaur zombies (Vaults:1)
  26 yaktaurs
  3 freezing wraiths
  13 komodo dragons
  22 merfolk
  2 polar bears (Lair:5)
  A hornet (shapeshifter) (Vaults:4)
  A tyrant leech (Gauntlet)
  8 hornets
  8 trolls
  3 meliai (Shoals:1)
  23 slime creatures
  3 wind drakes
  A blink frog (shapeshifter) (D:14)
  4 dream sheep (Lair:6)
  9 blink frogs (Lair:5)
  4 snapping turtles
  8 hippogriffs
  2 human simulacra (Vaults:1)
  A spriggan (D:7)
  Sigmund (D:3)
  2 shadows
  A tarantella (shapeshifter) (Vaults:1)
  13 wyverns
  30 yaks
  An ettin skeleton (Vaults:1)
  2 redbacks (Lair:6)
  A tarantella (Vaults:2)
  5 hogs (D:13)
  2 basilisks
  4 fire elementals (Snake:1)
  A basilisk (shapeshifter) (Vaults:4)
  7 water elementals
  2 humans (shapeshifter)
  The ghost of Ajohnson the Poker, an amateur DsGl of Kikubaaqudgha (D:4)
  2 hungry ghosts (D:14)
  4 vampire mosquitoes (D:14)
  An elf skeleton (Vaults:4)
  2 swamp worms (Gauntlet)
  2 acid dragons (Vaults:2)
  2 water moccasins (shapeshifter)
  35 nagas
  11 wargs
  3 hell hounds (Snake:1)
  A deep troll skeleton (Vaults:1)
  9 porcupines
  12 water moccasins
  A meliai simulacrum (D:12)
  49 orc warriors
  5 ice beasts
  3 black bears
  An ettin simulacrum (Vaults:2)
  An eye of draining (D:11)
  A phantom (D:7)
  6 sky beasts
  36 ogres
  20 wolves
  10 boggarts
  15 centaurs
  5 necrophages (D:11)
  3 human skeletons
  7 crocodiles
  4 big kobolds
  3 elf zombies
  22 bullfrogs
  2 deep troll simulacra
  A hornet simulacrum (Vaults:1)
  6 scorpions
  A water moccasin skeleton (D:7)
  5 killer bees (D:12)
  2 orc simulacra (Vaults:1)
  A troll zombie (Ossuary)
  14 wights
  6 electric eels
  4 howler monkeys
  A bullfrog zombie (D:7)
  9 crimson imps
  10 hounds
  6 jellies
  14 orc priests
  Crazy Yiuf (D:5)
  3 bullfrog skeletons
  5 centaur skeletons
  3 iguanas
  42 orc wizards
  13 worker ants
  5 ogre zombies
  A hound zombie (D:9)
  7 mummies (Ossuary)
  3 hound skeletons
  2 howler monkey zombies (D:11)
  A worker ant zombie (D:11)
  9 adders
  3 shadow imps
  3 oozes
  6 adder zombies
  An adder skeleton (D:5)
  A worm (D:6)
  5 leopard geckos
  102 orcs
  2 ball pythons
  4 giant cockroaches
  4 goblins
  9 hobgoblins
  5 jackals
  6 quokkas
  9 bats
  8 frilled lizards
  A goblin zombie (Ossuary)
  3 hobgoblin zombies (Ossuary)
  14 kobolds
  8 kobold zombies (Ossuary)
  A leopard gecko zombie (D:7)
  An orc zombie (Ossuary)
  4 quokka zombies (Ossuary)
  8 rats
  2 rat zombies (Ossuary)
  5 bushes (D:11)
  A butterfly (Lair:2)
  4 fungi
  16 plants
  4 withered plants (Gauntlet)
1457 creatures vanquished.

Vanquished Creatures (collateral kills)
  A quicksilver dragon (Vaults:5)
  Snorg (D:11)
  An alligator (shapeshifter) (Vaults:2)
  2 death yaks (Lair:6)
  An ironbrand convoker (Vaults:2)
  2 orc knights (Vaults:2)
  3 oklob plants (Lair:4)
  A vault sentinel (Vaults:5)
  A warg (Vaults:2)
  An orc warrior (Vaults:2)
  A plant (Lair:4)
15 creatures vanquished.

Vanquished Creatures (others)
  A deep elf knight (Vaults:2)
  A naga mage (Snake:4)
  An orc warrior (Orc:1)
  An orc (Orc:1)
  17 fungi
  15 plants
  A withered plant (Gauntlet)
37 creatures vanquished.

Grand Total: 1509 creatures vanquished

Notes
Turn   | Place    | Note
-------+----------+-------------------------------------------
     0 | D:1      | Fang the Gargoyle Berserker began the quest for the Orb.
     0 | D:1      | Reached XP level 1. HP: 14/14 MP: 1/1
   523 | D:1      | Reached XP level 2. HP: 19/19 MP: 2/2
   671 | D:1      | Reached ** piety under Trog
   917 | D:1      | Reached XP level 3. HP: 23/23 MP: 3/3
  1298 | D:2      | Found a faded altar of an unknown god.
  1944 | D:2      | Found an ornate altar of the Wu Jian Council.
  2055 | D:2      | Reached XP level 4. HP: 29/29 MP: 4/4
  2164 | D:3      | Noticed Sigmund
  2190 | D:3      | Killed Sigmund
  2190 | D:3      | Reached XP level 5. HP: 14/34 MP: 5/5
  2264 | D:3      | Reached XP level 6. HP: 21/39 MP: 6/6
  2367 | D:3      | Found a sacrificial altar of Ru.
  2373 | D:3      | Found a glowing silver altar of Zin.
  2374 | D:3      | Noticed an angel
  2375 | D:3      | Found a runed translucent door.
  2735 | D:4      | Found a staircase to the Ecumenical Temple.
  2786 | Temple   | Entered the Ecumenical Temple
  2814 | D:4      | You fall into a shaft and drop 3 floors!
  2835 | D:7      | Reached skill level 5 in Fighting
  2851 | D:7      | Reached XP level 7. HP: 28/44 MP: 7/7
  3197 | D:7      | Noticed a two-headed ogre
  3217 | D:7      | Killed a two-headed ogre
  3217 | D:7      | Reached skill level 5 in Axes
  3217 | D:7      | Reached skill level 5 in Armour
  3217 | D:7      | Reached XP level 8. HP: 35/52 MP: 8/8
  3776 | D:7      | Noticed a spriggan baker
  3794 | D:7      | Killed a spriggan baker
  3794 | D:7      | Reached *** piety under Trog
  3794 | D:7      | Reached XP level 9. HP: 44/57 MP: 9/9
  3796 | D:7      | Reached skill level 5 in Dodging
  4058 | D:7      | Noticed Joseph
  4091 | D:7      | Killed Joseph
  4519 | D:6      | Found a burning altar of Makhleb.
  5209 | D:5      | Entered Level 5 of the Dungeon
  5680 | D:5      | Found a runed translucent door.
  5681 | D:5      | Noticed Crazy Yiuf
  5954 | D:5      | Killed Crazy Yiuf
  6199 | D:4      | Found Namyer's Book Shoppe.
  6208 | D:4      | Found Raqefren's Assorted Antiques.
  6237 | D:4      | Reached XP level 10. HP: 64/64 MP: 10/10
  6257 | D:4      | Found Mymm's Antique Armour Boutique.
  6399 | D:4      | Found an opulent altar of Gozag.
  6427 | D:4      | Found a shimmering blue altar of Sif Muna.
  6458 | D:4      | Found a large runed translucent door.
  6459 | D:4      | Found a large runed translucent door.
  6459 | D:4      | Noticed Ajohnson's ghost (amateur DsGl)
  6636 | D:4      | Killed Ajohnson's ghost
  6844 | D:8      | Found a stormy altar of Qazlal.
  6894 | D:8      | Reached **** piety under Trog
  6964 | D:8      | Found a sand-covered staircase.
  6975 | Ossuary  | Entered an ossuary
  7702 | D:8      | Found a glowing golden altar of the Shining One.
  7976 | D:8      | Found a white marble altar of Elyvilon.
  8011 | D:8      | Reached ***** piety under Trog
  8409 | D:9      | Noticed Erolcha
  8424 | D:9      | Killed Erolcha
  8839 | D:9      | Reached XP level 11. HP: 67/71 MP: 11/11
  9028 | D:9      | Found a staircase to the Orcish Mines.
  9707 | D:9      | Reached skill level 10 in Fighting
 10125 | D:10     | Entered Level 10 of the Dungeon
 10130 | D:10     | Received a gift from Trog
 10552 | D:10     | Identified a scroll of acquirement
 10783 | D:10     | Noticed a centaur warrior
 10792 | D:10     | Killed a centaur warrior
 10792 | D:10     | Reached skill level 10 in Armour
 11554 | D:11     | Noticed a two-headed ogre
 11566 | D:11     | Killed a two-headed ogre
 11682 | D:11     | Found a blossoming altar of Fedhas.
 11720 | D:11     | Noticed a red ugly thing
 11735 | D:11     | Killed a red ugly thing
 11755 | D:11     | Reached XP level 12. HP: 66/79 MP: 4/12
 11770 | D:11     | Found a staircase to the Lair.
 12026 | D:11     | Noticed Snorg
 12043 | D:11     | Killed Snorg
 12802 | Lair:1   | Entered Level 1 of the Lair of Beasts
 12810 | Lair:1   | Received a gift from Trog
 13101 | Lair:1   | Got a twisted hand axe
 13102 | Lair:1   | Identified the +5 hand axe "Lynicit" {flame, rN+ MR+ Int+7}
                  | (You found it on level 1 of the Lair of Beasts)
 13330 | Lair:1   | Noticed a five-headed hydra
 13339 | Lair:1   | Killed a one-headed hydra
 13788 | Lair:2   | Reached skill level 10 in Axes
 14314 | Lair:2   | Noticed Gastronok
 14327 | Lair:2   | Killed Gastronok
 14327 | Lair:2   | Reached XP level 13. HP: 86/86 MP: 4/13
 14888 | Lair:3   | Found the ring of Phasing {EV+8}
 15113 | Lair:3   | Found a staircase to the Shoals.
 15488 | Lair:4   | Found a staircase to the Snake Pit.
 16760 | Lair:4   | Found the +15 Maxwell's patent armour {-Cast -Tele rElec
                  | MR+ rCorr}
 17124 | Lair:5   | Received a gift from Trog
 17392 | Lair:4   | Reached skill level 10 in Dodging
 18022 | Lair:5   | Gained mutation: Your large and strong wings let you fly
                  | indefinitely. [Gargoyle growth]
 18022 | Lair:5   | Reached XP level 14. HP: 33/94 MP: 5/14
 18588 | Lair:5   | Found a runed translucent door.
 18593 | Lair:5   | Found a viscous altar of Jiyva.
 18593 | Lair:5   | Found a staircase to the Slime Pits.
 19191 | Lair:6   | Entered Level 6 of the Lair of Beasts
 19522 | Lair:6   | Found a glowing golden altar of the Shining One.
 20910 | D:12     | Received a gift from Trog
 21483 | D:12     | Found a runed translucent door.
 21484 | D:12     | Noticed a sphinx
 21484 | D:12     | Noticed a deep elf annihilator
 21485 | D:12     | Noticed an iron dragon
 21900 | D:13     | Found a gate leading to a gauntlet.
 21941 | Gauntlet | Entered a Gauntlet
 21941 | Gauntlet | Found a transporter.
 21973 | Gauntlet | Found a transporter.
 21987 | Gauntlet | Found a transporter.
 21987 | Gauntlet | Noticed an entropy weaver
 21991 | Gauntlet | Found a transporter.
 22008 | Gauntlet | Found a transporter.
 22024 | Gauntlet | Noticed a reaper
 22027 | Gauntlet | Found a transporter.
 22043 | Gauntlet | Found a transporter.
 22047 | Gauntlet | Found a transporter.
 22048 | Gauntlet | Found the +4 moon troll leather armour {Spirit, Regen++
                  | MP+5}
 22053 | Gauntlet | Found a transporter.
 22053 | Gauntlet | Found a transporter.
 22057 | Gauntlet | Found a transporter.
 22094 | Gauntlet | Found a transporter.
 22266 | Gauntlet | Got a smoking amber ring
 22302 | Gauntlet | Reached XP level 15. HP: 93/100 MP: 5/15
 22340 | Gauntlet | Got a scorched brass amulet
 22352 | Gauntlet | Identified the ring of Ciofubiw {rF+ rC+ Dex+7}
 22411 | Gauntlet | Identified the ring "Harrynak" {+Blink rF+ rCorr Slay+2}
                  | (You found it in a Gauntlet)
 22413 | Gauntlet | Identified the amulet "Odghabeokh" {Spirit -Tele rN+++
                  | Int+9 Stlth-} (You found it in a Gauntlet)
 22451 | D:13     | Found a glowing golden altar of the Shining One.
 22464 | D:13     | Noticed Kirke
 22488 | D:13     | Killed Kirke
 22921 | D:13     | Received a gift from Trog
 23458 | D:14     | Found a basalt altar of Yredelemnul.
 23668 | D:14     | Reached ****** piety under Trog
 24457 | D:14     | Found a gate to the Vaults.
 24654 | D:15     | Entered Level 15 of the Dungeon
 24704 | D:15     | Noticed Nessos
 24728 | D:15     | Killed Nessos
 24856 | D:15     | Reached skill level 1 in Shields
 25098 | D:15     | Reached skill level 15 in Fighting
 25198 | D:15     | Received a gift from Trog
 25220 | D:15     | Found a staircase to the Depths.
 25421 | D:15     | Got a pair of spiked gloves
 25432 | D:15     | Identified the +2 pair of gloves "Kamineism" {*Drain +Fly
                  | Slay+3} (You found it on level 15 of the Dungeon)
 25532 | D:15     | Reached skill level 15 in Armour
 25532 | D:15     | Reached XP level 16. HP: 99/108 MP: 5/16
 25792 | Orc:1    | Entered Level 1 of the Orcish Mines
 26662 | Orc:2    | Entered Level 2 of the Orcish Mines
 26663 | Orc:2    | Found Baofouz's Weapon Shoppe.
 26700 | Orc:2    | Found Ivinwaos's Book Shop.
 26715 | Orc:2    | Received a gift from Trog
 26718 | Orc:2    | Found Umu Synk's Magic Scroll Emporium.
 26905 | Orc:2    | Found an ancient bone altar of Kikubaaqudgha.
 26925 | Orc:2    | Noticed Nergalle
 26934 | Orc:2    | Killed Nergalle
 26936 | Orc:2    | Found Daurug's Distillery.
 26948 | Orc:2    | Paralysed by an ogre mage for 4 turns
 27008 | Orc:2    | Bought a potion of heal wounds for 65 gold pieces
 27010 | Orc:2    | Found a radiant altar of Vehumet.
 27047 | Orc:2    | Found Pedghe Ixkun's Magic Scroll Shop.
 27199 | Orc:2    | Found a staircase to the Elven Halls.
 27202 | Orc:2    | Found Fiych's Assorted Antiques.
 27242 | Orc:2    | Found Qerufu's Distillery.
 27251 | Orc:2    | Bought a potion of heal wounds for 65 gold pieces
 27404 | Orc:2    | Found a roughly hewn altar of Beogh.
 27449 | Orc:2    | Found Naxtuz's Gadget Boutique.
 27452 | Orc:2    | Found Rimnaqug's Antique Armour Boutique.
 27750 | Snake:1  | Entered Level 1 of the Snake Pit
 27824 | Snake:1  | Received a gift from Trog
 28418 | Snake:1  | Noticed Azrael
 28431 | Snake:1  | Killed Azrael
 28704 | Snake:2  | Reached skill level 5 in Shields
 29431 | Snake:3  | Noticed a nagaraja
 29861 | Snake:3  | Killed a nagaraja
 29914 | Snake:3  | Received a gift from Trog
 29915 | Snake:3  | Found the +8 mithril axe "Arga" {speed, MR+}
 29959 | Snake:3  | Noticed a nagaraja
 29976 | Snake:3  | Reached XP level 17. HP: 54/115 MP: 3/17
 30655 | Snake:4  | Entered Level 4 of the Snake Pit
 31751 | Snake:4  | Received a gift from Trog
 32721 | Snake:4  | Got a serpentine rune of Zot
 32951 | Shoals:1 | Entered Level 1 of the Shoals
 33084 | Shoals:1 | Received a gift from Trog
 33181 | Shoals:1 | Found a hide-covered altar of Uskayaw.
 33486 | Shoals:1 | Reached XP level 18. HP: 91/122 MP: 3/18
 35724 | Shoals:3 | Received a gift from Trog
 36342 | Shoals:4 | Entered Level 4 of the Shoals
 36755 | Shoals:4 | Got a barnacled rune of Zot
 37117 | Vaults:1 | Entered Level 1 of the Vaults
 37445 | Vaults:1 | Reached skill level 10 in Shields
 37666 | Vaults:1 | Received a gift from Trog
 39308 | Vaults:1 | Reached XP level 19. HP: 123/128 MP: 6/19
 39314 | Vaults:1 | Reached skill level 15 in Axes
 39964 | Vaults:2 | Received a gift from Trog
 40379 | Vaults:2 | Found Exiubrep's Food Shoppe.
 40561 | Vaults:2 | You are sucked into a shaft and drop 1 floor!
 40561 | Vaults:3 | Found Gapias's Weapon Boutique.
 40598 | Vaults:3 | Paralysed by a wizard for 5 turns
 40634 | Vaults:3 | Found Xesiobbo's Jewellery Shoppe.
 40963 | Vaults:3 | Found Jaom's Jewellery Boutique.
 41054 | Vaults:3 | Received a gift from Trog
 41115 | Vaults:3 | Found a large runed translucent door.
 41115 | Vaults:3 | Found a large runed translucent door.
 41115 | Vaults:3 | Noticed SpeedRobin's ghost (adept DDFi)
 41242 | Vaults:3 | Found Genacsew's Food Emporium.
 41796 | Vaults:2 | Reached XP level 20. HP: 64/136 MP: 4/20
 42111 | Vaults:2 | Received a gift from Trog
 42532 | Vaults:2 | Paralysed by a great orb of eyes for 3 turns
 42623 | Vaults:2 | Paralysed by a wizard for 3 turns
 43006 | Vaults:2 | Found a staircase to the Crypt.
 43006 | Vaults:2 | Found an ancient bone altar of Kikubaaqudgha.
 43007 | Vaults:2 | Found a basalt altar of Yredelemnul.
 43037 | Vaults:2 | Paralysed by a sphinx for 2 turns
 43232 | Vaults:2 | You are sucked into a shaft and drop 1 floor!
 43627 | Vaults:2 | Received a gift from Trog
 44543 | Vaults:4 | Received a gift from Trog
 44605 | Vaults:4 | Found a basalt altar of Yredelemnul.
 44870 | Vaults:4 | Found Erghips's Food Shop.
 44971 | Vaults:5 | Entered Level 5 of the Vaults
 45185 | Vaults:5 | Reached XP level 21. HP: 70/142 MP: 5/21
 45571 | Vaults:5 | Identified the +2 robe of Narcissism {Int+7 Dex-2}
 45639 | Vaults:5 | Identified the +10 rapier "Keill" {pierce, +Fly rC+ Dex-4
                  | Stlth+}
 45639 | Vaults:5 | Identified the amulet of the Cricket {RegenMP rF- MR+ Dex+2
                  | Stlth+}
 45643 | Vaults:5 | Identified the +7 mace "Pephoudgh" {flame, -Tele rC+ Int+4}
 45655 | Vaults:5 | Reached skill level 15 in Dodging
 45878 | Vaults:5 | Found the +0 staff of Battle
 45895 | Vaults:5 | Got a silver rune of Zot
 46037 | Vaults:5 | Identified the +6 plate armour of Pikhleegu {-Tele rN++}
 46093 | Vaults:5 | Identified the cursed +0 flail of Benevolence {freeze,
                  | Int+4 Dex+7}
 46384 | Vaults:5 | Received a gift from Trog
 46412 | Vaults:5 | HP: 3/144 [lich/crystal spear (18)]
 46414 | Vaults:5 | Killed from afar by a lich

Levels and vault maps discovered:
D:1:      dpeg_arrival_more_subterranean_lakeside_camping, layout_basic
D:2:      layout_basic, marbit_many_paths, chequers_ecumenical_altar_simple,
          minmay_hedge_maze
D:3:      layout_basic, lemuel_crystal_altar, first_ration, lemuel_angel_altar,
          uniq_sigmund
D:4:      layout_rooms, nicolae_overflow_hidden_temple, lemuel_doored_altar,
          minmay_temple_entry_proselytizer, serial_shops, kennysheep_little_box,
          shop, shop_fountains, ebering_ghost_disaster_area,
          hangedman_decor_riveting
D:5:      layout_basic, uniq_crazy_yiuf_cottage
D:6:      layout_cave_pools, lightli_temple_of_fire, st_stairs_4
D:7:      layout_basic, the_bakery, uniq_joseph
D:8:      layout_loops_ring, lemuel_crystal_altar, elyvilon_altar_5,
          enter_ossuary_1, grunt_qazlal_clouds
D:9:      layout_grid_maze, david_orc_4, uniq_erolcha
D:10:     layout_rooms, water_maze_lemuel
D:11:     layout_basic, david_lair_shrubbed, minivault_11, st_stairs_2,
          fedhas_altar_decomposition, uniq_snorg
D:12:     layout_basic, nrook_campfire, minmay_hidden_floor
D:13:     layout_small_grid, gauntlet_entry_generic, tso_metal_star, uniq_kirke
D:14:     layout_irregular_city, david_vaults_4, yredelemnul_altar_generic
D:15:     grunt_enter_depths_magical_seal, layout_basic, lemuel_flamethrower_3,
          uniq_nessos
Temple:   minmay_freezing_vapour_temple
Lair:1:   layout_chaotic_city, serial_bayou_shore_a
Lair:2:   layout_long_grid, serial_bayou_pond_a, serial_bayou_shore_b,
          lemuel_fruit_fields, uniq_gastronok
Lair:3:   layout_long_grid, minmay_shoals_entry_hut
Lair:4:   layout_roguey, guppyfry_snake_entry_island, beast_lair_carwin_4,
          grunt_megastairs_2, minmay_lair_oklob_chamber
Lair:5:   layout_layer_cave, slime_altar_2, grunt_megastairs_1
Lair:6:   hangedman_lair_tendril_chambers, layout_regular_city, basic_altar
Shoals:1: layout_shoals, regret_index_shoals_crete
Shoals:2: layout_shoals, nicolae_shoals_loop_pool
Shoals:3: layout_shoals
Shoals:4: shoals_end_hangedman, layout_shoals
Snake:1:  layout_misc_corridors, uniq_azrael
Snake:2:  layout_onion
Snake:3:  layout_misc_corridors
Snake:4:  snake_pit, layout_cave_shapes, grunt_ministairs_1
Orc:1:    layout_caves
Orc:2:    kennysheep_orc_mage_school, layout_diamond_mine, serial_shops, shop,
          shop_fountains, shop_statue, shop, nicolae_shop_trees
Vaults:1: v_misc_27, hangedman_vaults_corner, nicolae_vaults_little_squares_3,
          ontoclasm_vaults_decontamination, nicolae_vaults_gold_heap,
          vaults_standard_mumra_enter_the_diamond,
          ontoclasm_vaults_loading_screen, ontoclasm_vaults_chip,
          layout_vaults_omnigrid
Vaults:2: nicolae_vaults_little_squares_3, minmay_crypt_entry_necro_gods,
          ontoclasm_vaults_pinch, v_rooms_3, grunt_vaults_funneled_arena,
          hangedman_vaults_river_flow, hangedman_vaults_locks,
          vaults_dpeg_doors, v_alt_pattern_4, dpeg_vaults_monster_box,
          ontoclasm_vaults_spin, layout_vaults_omnibox, serial_shops,
          nicolae_shop_crystal
Vaults:3: advil_vaults_ghost_guards, vaults_mumra_chevron_long, v_misc_12,
          vaults_room_grid, ontoclasm_vaults_misaligned,
          ontoclasm_vaults_loading_screen, nicolae_vaults_little_squares_4,
          hangedman_vaults_corner_blocks, st_smaller_cells, v_misc_29,
          nicolae_vaults_network_star, nicolae_vaults_little_squares_6,
          layout_vaults_omnicross, serial_shops, shop_fountains, shop, shop,
          shop
Vaults:4: nicolae_vaults_puzzle_piece, ontoclasm_vaults_chip, v_rooms_5,
          hangedman_vaults_nodes, hangedman_vaults_cutoff,
          vaults_room_large_hall, nicolae_vaults_theta, v_alt_pattern_4,
          nicolae_vaults_network_barrier, ontoclasm_vaults_loading_screen,
          vaults_dpeg_hooks, layout_vaults_ring, basic_altar, serial_shops,
          nicolae_shop_crystal
Vaults:5: serial_shops

Skill      XL: |  1  2  3  4  5  6  7  8  9 10 11 12 13 14 15 16 17 18 19 20 21 |
---------------+----------------------------------------------------------------+-----
Axes           | 3 4 5 6 8 9 10 11 12 13 14 15 16 | 16.6
Dodging        | 2 3 4 5 7 8 9 10 11 12 13 14 15 | 15.3
Armour         | 3 4 5 6 7 9 10 11 12 14 15 16 17 18 19 | 19.1
Fighting       | 4 5 6 7 8 9 10 12 13 14 15 16 17 18 19 | 19.2
Shields        | 3 6 8 10 11 12 13 | 13.7

Action                   |  1- 3 |  4- 6 |  7- 9 | 10-12 | 13-15 | 16-18 | 19-21 || total
-------------------------+-------+-------+-------+-------+-------+-------+-------++-------
Melee: Hand axe          |   143 |    94 |   444 |   561 |   137 |       |       ||  1379
       War axe           |       |       |       |   172 |       |       |       ||   172
       Broad axe         |       |       |       |   320 |  1017 |  1519 |  1347 ||  4203
Invok: Berserk           |       |     2 |     7 |     9 |    10 |    10 |     5 ||    43
       Trog's Hand       |       |       |     3 |       |     1 |     5 |     1 ||    10
       Brothers in Arms  |       |       |       |     1 |     2 |       |     3 ||     6
 Abil: Fly               |       |       |       |       |     1 |       |       ||     1
  Use: Scroll            |       |       |       |    32 |     7 |    15 |     8 ||    62
       Potion            |       |       |       |       |     1 |     3 |     3 ||     7
  Eat: Chunk             |     4 |     4 |    19 |    35 |    37 |    34 |    28 ||   161
       Ration            |       |       |       |       |     4 |     7 |     1 ||    12
Armor: Animal skin       |    40 |       |       |       |       |       |       ||    40
       Chain mail        |    32 |    73 |   239 |   275 |       |       |       ||   619
       Plate armour      |       |       |       |   452 |  1162 |  1210 |   713 ||  3537
Dodge: Dodged            |    97 |    62 |   194 |   629 |   876 |   723 |   471 ||  3052
Block: Shield            |       |       |       |       |    62 |   983 |   699 ||  1744
       Large shield      |       |       |       |       |       |       |   180 ||   180
